 Dungeon Crawl Stone Soup version 0.32-a0-933-ga8fa363 (webtiles) character file.

Game seed: 7390142981204427398

9080 AlexanderH the Destroyer (level 11, 0/64 HPs)
             Began as a Deep Elf Earth Elementalist on Apr 14, 2024.
             Was an Elder of Vehumet.
             Slain by a killer bee (5 damage)
             ... on level 10 of the Dungeon.
             The game lasted 00:22:32 (8435 turns).

AlexanderH the Destroyer (DEEE)                     Turns: 8435, Time: 00:22:32

Health: 0/64       AC: 15    Str:  5    XL:     11   Next: 18%
Magic:  22/25      EV: 11    Int: 31    God:    Vehumet [****..]
Gold:   593        SH:  0    Dex: 15    Spells: 10/26 levels left

rFire   . . .        h - +3 whip (elec)
rCold   . . .        (no shield)
rNeg    . . .        z - +1 steam dragon scales
rPois   .            y - +0 helmet
rElec   .            D - +0 cloak
rCorr   .            (no gloves)
SInv    .            e - +2 pair of boots
Will    +....        (no amulet)
Stlth   ++           C - +6 ring of intelligence
HPRegen 0.30/turn    x - +4 ring of protection
MPRegen 0.19/turn

%: no passive effects
@: lethally poisoned (0 -> -5)
A: no striking features
a: Renounce Religion


You were on level 10 of the Dungeon.
You worshipped Vehumet.
Vehumet was greatly pleased with you.
You visited 2 branches of the dungeon, and saw 11 of its levels.

You collected 593 gold pieces.

Inventory:

Hand Weapons
 h - a +3 whip of electrocution (weapon)
 k - a +5 vampiric trident
 K - a +4 morningstar
Armour
 e - a +2 pair of boots (worn)
 y - a +0 helmet (worn)
 z - +1 steam dragon scales (worn)
 D - a +0 cloak (worn)
 E - an orb of light
 L - a +0 buckler
Jewellery
 g - a ring of flight
 x - a +4 ring of protection (right hand)
 C - a +6 ring of intelligence (left hand)
 G - a +5 ring of evasion
Talismans
 H - a serpent talisman
Wands
 a - a wand of mindburst (20)
 m - a wand of acid (8)
 r - a wand of polymorph (9)
 M - a wand of flame (7)
Scrolls
 c - 3 scrolls of identify
 d - 2 scrolls of teleportation
 i - 3 scrolls of amnesia
 j - 2 scrolls of poison
 l - a scroll of silence {unknown}
 q - a scroll of torment
 s - a scroll of revelation
 A - 3 scrolls of blinking
 B - 3 scrolls of fog
Potions
 b - a potion of magic
 f - a potion of ambrosia {unknown}
 o - 3 potions of curing
 p - a potion of resistance {unknown}
 t - 3 potions of heal wounds
 u - a potion of attraction {unknown}
 v - a potion of lignification {unknown}
 w - 3 potions of enlightenment {unknown}
 F - a potion of brilliance {unknown}
 J - 2 potions of haste {unknown}
Miscellaneous
 I - a tin of tremorstones (2/2)


   Skills:
 - Level 5.4 Fighting
 - Level 2.4 Dodging
 - Level 2.4 Stealth
 - Level 8.0 Spellcasting
 + Level 10.0 Conjurations
 + Level 6.6 Fire Magic
 - Level 8.0 Air Magic
 - Level 9.0 Earth Magic


You had 10 spell levels left.
You knew the following spells:

 Your Spells              Type           Power      Damage    Failure   Level
a - Sandblast             Erth           100%       2d20      1%          1
b - Stone Arrow           Conj/Erth      100%       3d13      1%          3
c - Passwall              Erth           62%        N/A       1%          3
d - Swiftness             Air            58%        N/A       1%          3
e - Starburst             Conj/Fire      29%        6d9       5%          6

Your spell library contained the following spells:

 Spells                   Type           Power      Damage    Failure   Level
 Inner Flame              Hex/Fire       33%        N/A       1%          3
 Kiss of Death            Conj/Necr      100%       2d13      1%          1
 Cigotuvi's Dreadful Rot  Necr/Alch/Air  56%        N/A       1%          2
 Dazzling Flash           Conj/Hex       86%        N/A       1%          3
 Brom's Barrelling Bould  Conj/Erth      63%        2d8       1%          4
 Slow                     Hex            48%        N/A       4%          1
 Ensorcelled Hibernation  Hex/Ice        24%        N/A       6%          2
 Animate Armour           Summ/Erth      80%        N/A       6%          4
 Petrify                  Alch/Erth      40%        N/A       6%          4
 Confusing Touch          Hex            12%        N/A       12%         3
 Vampiric Draining        Necr           12%        2d6       12%         3
 Borgnjor's Vile Clutch   Necr/Erth      20%        N/A       17%         5
 Animate Dead             Necr           12%        N/A       36%         4
 Dispel Undead            Necr           12%        3d9       36%         4
 Lehudib's Crystal Spear  Conj/Erth      31%        10d8      75%         8
 Maxwell's Capacitive Co  Air            29%        ∞         90%         8
 Death Channel            Necr           6%         N/A       99%         6
 Haunt                    Necr/Summ      6%         N/A       100%        7


Dungeon Overview and Level Annotations

Branches:
Dungeon (10/15)            Temple (1/1) D:6            Lair (0/5) D:8
    Orc: D:9-12

Altars:
Ashenzari
Cheibriados
Dithmenos
Elyvilon
Fedhas
Gozag
Hepliaklqana
Kikubaaqudgha
Makhleb
Nemelex Xobeh
Okawaru
Qazlal
Ru
Sif Muna
Trog
Uskayaw
Vehumet
Wu Jian
Xom
Yredelemnul
The Shining One


Message History

The killer bee stings you.
* * * LOW HITPOINT WARNING * * *
The killer bee barely misses you. The killer bee misses you.
Unknown command.
Casting: Sandblast (safe; 1% risk of failure)
Confirm with . or Enter, or press ? or * to list all spells.
Aiming: Sandblast (safe; 1% risk of failure)
Press: ? - help, Shift-Dir - straight line, f/p - killer bee
Aim: a killer bee (heavily wounded, 70% to hit)
The blast of sand hits the killer bee!
You kill the killer bee!
Vehumet accepts your kill.
You feel sick. The killer bee barely misses you.
The killer bee completely misses you.
Casting: Sandblast (safe; 1% risk of failure)
Confirm with . or Enter, or press ? or * to list all spells.
Aiming: Sandblast (safe; 1% risk of failure)
Press: ? - help, Shift-Dir - straight line, f - killer bee
Aim: a killer bee (70% to hit)
The blast of sand hits the killer bee!
The killer bee is almost dead.
You feel sick. The killer bee barely misses you.
The killer bee stings you but does no damage.
The killer bee stings you.
* * * LOW HITPOINT WARNING * * *
You are lethally poisoned!
The killer bee poisons you!
Casting: Sandblast (safe; 1% risk of failure)
Confirm with . or Enter, or press ? or * to list all spells.
Aiming: Sandblast (safe; 1% risk of failure)
Press: ? - help, Shift-Dir - straight line, f/p - killer bee
Aim: a killer bee (almost dead, 70% to hit)
The blast of sand hits the killer bee!
You kill the killer bee!
Vehumet accepts your kill.
You feel your power returning.
* * * LOW HITPOINT WARNING * * *
You feel very sick. The killer bee barely misses you.
The killer bee stings you.
You die...

### .. #. .....
.# #..... #.
...... #.##
#...... #..#
.......
#@##.......
##y#........
##.y.........
###....†.......
###...###.#......
## ##...###
#..##....
.########...##
#..# ###
..........###
...[ ........###
.....


You could see 2 killer bees.

Vanquished Creatures
  Nergalle (D:10)
  Pikel (D:5)
  An arcanist (D:10)
  Maggie (D:6)
  Jeremiah (D:6)
  Psyche (D:8)
  A troll (D:10)
  2 hornets
  2 wyverns
  A wraith (D:8)
  4 vampire mosquitoes (D:6)
  Menkaure (D:4)
  3 water moccasins
  5 black bears
  2 orc warriors
  2 sky beasts
  2 ice beasts
  An ogre (D:5)
  2 centaurs
  2 lemures (D:6)
  7 phantoms (D:8)
  Blork the orc (D:4)
  5 bullfrogs
  2 kobold brigands
  6 scorpions
  3 gnoll sergeants
  7 wights
  10 killer bees
  3 centaur zombies (D:8)
  A crimson imp (D:10)
  2 hounds
  A jelly (D:6)
  2 bombardier beetles (D:5)
  A gnoll bouda (D:8)
  6 sleepcaps (D:8)
  An iguana (D:6)
  4 orc wizards
  A scorpion zombie (D:8)
  5 killer bee zombies (D:8)
  32 gnolls
  10 adders
  13 shadow imps
  2 dart slugs
  13 orcs
  6 endoplasms
  3 giant cockroaches
  3 goblins
  4 hobgoblins
  2 jackals (D:4)
  18 kobolds
  4 quokkas
  8 ball pythons
  2 bats (D:1)
  7 rats
231 creatures vanquished.

Notes
Turn   | Place    | Note
-------+----------+-------------------------------------------
     0 | D:1      | AlexanderH the Deep Elf Earth Elementalist began the quest
                  | for the Orb.
     0 | D:1      | Reached XP level 1. HP: 10/10 MP: 6/6
   341 | D:1      | Reached XP level 2. HP: 16/16 MP: 6/8
   394 | D:1      | Reached skill level 1 in Fighting
   903 | D:2      | Reached XP level 3. HP: 20/20 MP: 5/9
  1096 | D:2      | Reached XP level 4. HP: 26/26 MP: 8/10
  1246 | D:2      | Learned a level 3 spell: Stone Arrow
  1270 | D:2      | Found a broken altar of Ashenzari.
  1771 | D:3      | Found a stormy altar of Qazlal.
  1979 | D:4      | Noticed a water moccasin
  1984 | D:4      | Killed a water moccasin
  1985 | D:4      | Reached skill level 5 in Earth Magic
  1985 | D:4      | Reached XP level 5. HP: 4/32 MP: 6/11
  2196 | D:4      | Noticed Blork the orc
  2202 | D:4      | Killed Blork the orc
  2203 | D:4      | Reached XP level 6. HP: 37/37 MP: 8/12
  2250 | D:4      | Noticed Menkaure
  2252 | D:4      | Killed Menkaure
  2253 | D:4      | Reached skill level 2 in Conjurations
  2594 | D:5      | Entered Level 5 of the Dungeon
  2646 | D:5      | Noticed an ice beast
  2657 | D:5      | Killed an ice beast
  2658 | D:5      | Reached skill level 3 in Conjurations
  2658 | D:5      | Reached XP level 7. HP: 17/43 MP: 5/13
  2897 | D:5      | Learned a level 3 spell: Passwall
  2947 | D:5      | Learned a level 3 spell: Swiftness
  3242 | D:5      | Reached skill level 1 in Air Magic
  3969 | D:6      | Reached skill level 4 in Conjurations
  4018 | D:6      | Reached XP level 8. HP: 48/48 MP: 11/14
  4129 | D:6      | Noticed Maggie
  4137 | D:6      | Killed Maggie
  4279 | D:6      | Reached skill level 5 in Fighting
  4279 | D:6      | Reached skill level 5 in Conjurations
  4365 | D:6      | Noticed Pikel
  4397 | D:5      | Killed Pikel
  4651 | D:6      | Found a staircase to the Ecumenical Temple.
  4663 | D:6      | Reached XP level 9. HP: 54/54 MP: 4/16
  4673 | Temple   | Entered the Ecumenical Temple
  4765 | Temple   | Became a worshipper of Vehumet
  4813 | D:6      | Reached skill level 6 in Conjurations
  4820 | D:6      | Reached skill level 5 in Air Magic
  4855 | D:6      | Noticed Jeremiah
  4903 | D:6      | HP: 2/51 [Jeremiah/divine providence (15)]
  5135 | D:6      | Killed Jeremiah
  5136 | D:6      | Reached skill level 5 in Spellcasting
  5588 | D:7      | Reached skill level 7 in Conjurations
  5721 | D:7      | Learned a level 6 spell: Starburst
  5772 | D:7      | Reached * piety under Vehumet
  5772 | D:7      | Offered knowledge of Freeze by Vehumet.
  5905 | D:7      | Reached skill level 1 in Fire Magic
  6085 | D:7      | Reached XP level 10. HP: 46/59 MP: 1/21
  6333 | D:8      | Found a staircase to the Lair.
  6422 | D:8      | Noticed Psyche
  6479 | D:8      | Killed Psyche
  6479 | D:8      | Reached ** piety under Vehumet
  6479 | D:8      | Offered knowledge of Magic Dart by Vehumet.
  6480 | D:8      | Reached skill level 8 in Conjurations
  7164 | D:8      | Offered knowledge of Volatile Blastmotes by Vehumet.
  7281 | D:8      | Reached *** piety under Vehumet
  7346 | D:8      | Got Kikubaaqudgha's Catalogue of the Damned
  7599 | D:9      | Reached skill level 9 in Conjurations
  7599 | D:9      | Reached skill level 5 in Fire Magic
  7808 | D:9      | Offered knowledge of Inner Flame by Vehumet.
  8214 | D:10     | Entered Level 10 of the Dungeon
  8248 | D:10     | Reached XP level 11. HP: 64/64 MP: 23/25
  8280 | D:10     | Noticed an arcanist
  8283 | D:10     | Killed an arcanist
  8394 | D:10     | Noticed Nergalle
  8397 | D:10     | Killed Nergalle
  8397 | D:10     | Reached **** piety under Vehumet
  8398 | D:10     | Reached skill level 10 in Conjurations
  8435 | D:10     | Slain by a killer bee

Illustrated notes

Levels and vault maps discovered:
D:1:      eino_arrival_cavern_a, layout_loops_ring, st_stairs_12
D:2:      layout_basic, basic_altar, eino_curves_02
D:3:      cheibrodos_old_hovel, layout_rooms, lemuel_round_altar
D:4:      layout_basic, uniq_menkaure, uniq_blork_the_orc
D:5:      layout_layer_cave, due_unseen_surprise
D:6:      layout_loops_cross, temple_fountains, uniq_jeremiah, uniq_maggie,
          uniq_pikel
D:7:      layout_cave_pools
D:8:      bobbens_index_wilting_gardens, layout_cave_pools, uniq_psyche
D:9:      layout_irregular_city, nicolae_underground_beach
D:10:     layout_cave_pods, mainiacjoe_overflow_alcove_4, gammafunk_ghost_ooze,
          lightli_wizard_tower, uniq_nergalle
Temple:   mainiacjoe_temple_cubbyholes

Skill      XL: |  1  2  3  4  5  6  7  8  9 10 11 |
---------------+----------------------------------+-----
Fighting       | 1 2 3 4 5 |  5.4
Earth Magic    | 4 5 6 7 8 9 |  9.0
Conjurations   | 3 4 5 7 9 10 | 10.0
Air Magic      | 2 4 6 8 |  8.0
Spellcasting   | 6 8 |  8.0
Fire Magic     | 1 5 6 |  6.6
Dodging        | |  2.4
Stealth        | |  2.4

Action                     |  1- 3 |  4- 6 |  7- 9 | 10-12 || total
---------------------------+-------+-------+-------+-------++-------
  Melee: Mace              |     1 |     2 |       |       ||     3
         Trident           |       |     5 |     3 |       ||     8
         Unarmed           |       |       |     7 |       ||     7
         Whip              |       |       |     3 |    17 ||    20
   Cast: Sandblast         |    47 |    43 |    87 |   133 ||   310
         Stone Arrow       |       |     4 |    45 |    55 ||   104
         Passwall          |       |       |     2 |       ||     2
  Evoke: Wand              |       |       |     1 |       ||     1
    Use: Potion            |     1 |     1 |       |       ||     2
         Scroll            |       |       |    13 |     4 ||    17
   Stab: Distracted        |       |       |     1 |       ||     1
 Armour: Robe              |     7 |    16 |     8 |       ||    31
         Steam dragon scal |       |       |    49 |   110 ||   159
         Skin              |       |       |     1 |       ||     1
  Dodge: Dodged            |    20 |    17 |    56 |   119 ||   212

Table legend: (Time is in decaauts)
 A = Elapsed time spent in this place.
 B = Non-inter-level travel time spent in this place.
 C = Inter-level travel time spent in this place.
 D = Time resting spent in this place.
 E = Time spent auto-exploring this place.
 F = Levels seen in this place.
 G = Mean time per level.
                   A        B        C        D        E       F      G
               +--------+--------+--------+--------+--------+-----+--------+
         Total |   8574 |   8255 |    319 |   1163 |   4397 |  11 |  779.5 |
       Dungeon |   8311 |   8033 |    278 |   1020 |   4331 |  10 |  831.1 |
        Temple |    262 |    221 |     41 |    143 |     66 |   1 |  262.0 |
               +--------+--------+--------+--------+--------+-----+--------+

Top non-repeatable levels by time:
     D:5: 1352 daAuts
     D:8: 1283 daAuts
     D:6: 1195 daAuts
     D:1: 968 daAuts
     D:7: 748 daAuts
     D:9: 741 daAuts
     D:4: 725 daAuts
     D:2: 609 daAuts
     D:3: 459 daAuts
  Temple: 262 daAuts
    D:10: 227 daAuts
